Map: Crista de Lerilak

Players

TheZergLord - Winner!

  • Race: Zerg Zerg
  • League: Master

Tunico

  • Race: Zerg Zerg
  • League: Master

VOD

Have the link to the VOD?

Description

Time

  • Played on: Feb. 25, 2016, 11:33 a.m.
  • Length: 7:03
Show
View Real Time Build Order
Export as new Build Order

TheZergLord Zerg - Winner!

Build Orders: Hatch First, Zergling Baneling 

Get SALT Encoding   

  12  0:01  Drone  
  13  0:13  Overlord  
  13  0:17  Drone  
  14  0:31  Drone x2  
  14  0:35  Drone  
  17  0:52  Hatchery  
  17  0:55  Drone  
  17  1:13  Spawning Pool  
  17  1:14  Extractor  
  17  1:15  Drone  
  17  1:17  Drone  
  17  1:21  Drone  
  18  1:28  Drone  
  19  1:40  Overlord  
  19  2:00  Queen  
  21  2:02  Zergling x2  
  21  2:07  Queen  
  24  2:08  Drone  
  24  2:09  Drone  
  24  2:14  Metabolic Boost, Drone  
  27  2:22  Drone x2  
  29  2:31  Drone  
  29  2:36  Queen  
  32  2:42  Baneling Nest  
  31  2:47  Overlord  
  31  2:50  Drone x2  
  33  2:59  Drone x2  
  33  3:00  Drone  
  36  3:09  Zergling x8  
  39  3:14  Spine Crawler  
  39  3:16  Zergling x2  
  39  3:17  Zergling x2  
  40  3:28  Baneling x2  
  40  3:29  Baneling x4  
  31  3:56  Zergling x2  
  31  3:57  Zergling x4  
  31  3:59  Baneling x2  
  34  4:03  Baneling  
  34  4:06  Drone  
  34  4:07  Drone x2  
  37  4:13  Overlord  
  37  4:22  Overlord  
  37  4:29  Spine Crawler  
  36  4:33  Drone x4  
  40  4:41  Drone x3  
  42  4:50  Extractor  
  42  4:51  Roach Warren  
  41  4:54  Drone x5  
  46  5:02  Overlord  
  46  5:03  Extractor  
  46  5:04  Overlord  
  45  5:32  Roach x8  
  63  5:35  Roach  
  62  5:52  Roach x4  
  62  5:53  Roach x2  
  62  5:54  Overlord x2  
  74  6:13  Baneling x4  
  74  6:16  Zergling x10  
  79  6:19  Zergling x10  
  79  6:22  Ravager  
  79  6:23  Ravager  
  86  6:29  Roach x2  
  86  6:40  Roach x2  
Show
View Real Time Build Order
Export as new Build Order

Tunico Zerg 

Build Orders: Pool First 

Get SALT Encoding   

  12  0:01  Drone  
  13  0:12  Overlord  
  13  0:16  Drone  
  14  0:30  Drone x2  
  14  0:34  Drone  
  17  0:42  Extractor  
  16  0:45  Drone  
  17  0:51  Spawning Pool  
  17  0:56  Drone  
  17  1:07  Drone  
  19  1:18  Drone  
  19  1:29  Overlord  
  19  1:31  Hatchery  
  18  1:40  Queen  
  18  1:43  Zergling x2  
  21  1:49  Metabolic Boost  
  21  1:54  Zergling x2  
  21  2:01  Drone  
  23  2:09  Baneling Nest  
  23  2:11  Drone  
  23  2:28  Zergling x2  
  24  2:39  Zergling x2  
  25  2:50  Zergling x10  
  30  3:01  Zergling x4  
  32  3:05  Baneling  
  32  3:06  Baneling, Overlord  
  32  3:14  Overlord  
  21  3:48  Zergling x2  
  21  3:49  Zergling x12  
  21  3:51  Queen  
  30  4:00  Drone x2  
  32  4:14  Drone x2  
  34  4:30  Drone x2  
  34  4:31  Drone x3  
  39  4:45  Drone x3  
  41  4:50  Extractor  
  41  4:51  Extractor, Lair  
  41  4:52  Extractor  
  39  4:53  Drone  
  39  4:54  Drone  
  41  5:04  Drone x3  
  44  5:10  Hatchery  
  44  5:13  Drone  
  44  5:15  Overlord x2  
  44  5:26  Baneling  
  44  5:27  Baneling  
  44  5:31  Overlord  
  44  5:35  Drone x6  
  46  5:36  Drone x3  
  50  5:54  Spine Crawler x2  
  50  5:56  Spine Crawler  
  47  6:03  Spire  
  46  6:08  Zergling x8  
  50  6:21  Baneling x6  
  50  6:22  Zergling x2  
  50  6:23  Zergling x8  
  53  6:43  Zergling x2  
  53  6:44  Zergling x18  
Tags
 
Add a new tag
Caveats
  • Supply blocks, unpowered buildings, or Contaminate may cause inaccurate times.
  • Supply counts are checked every 10 seconds.